 Dungeon Crawl Stone Soup version 0.25.0-9-g26727b657a (webtiles) character file.

Game seed: 2272673642345749576

816 vurker the Vexing (level 7, 0/53 HPs)
             Began as a Gnoll Arcane Marksman on June 19, 2020.
             Slain by a troll (4 damage)
             ... on level 5 of the Dungeon.
             The game lasted 00:09:29 (5333 turns).

vurker the Vexing (Gnoll Arcane Marksman)           Turns: 5333, Time: 00:09:29

Health: 0/53       AC: 10    Str: 12    XL:     7   Next: 94%
Magic:  13/13      EV:  5    Int: 17    God:
Gold:   220        SH:  9    Dex: 16    Spells: 14/14 levels left

rFire    . . .     SeeInvis .   k - +2 short sword (elec)
rCold    . . .     Gourm    .   b - +1 kite shield
rNeg     . . .     Faith    .   m - +0 chain mail
rPois    .         Spirit   .   (no helmet)
rElec    .         Reflect  .   j - +0 cloak
rCorr    .         Harm     .   (no gloves)
MR       .....                  (no boots)
Stlth    ..........             (no amulet)
HPRegen  0.17/turn              (no ring)
MPRegen  0.13/turn              (no ring)

@: hasted, very quick
A: distributed training, fangs 1, strong nose
a: no special abilities


You were on level 5 of the Dungeon.
You were not hungry.

You visited 1 branch of the dungeon, and saw 5 of its levels.

You collected 220 gold pieces.

Inventory:

Hand Weapons
 k - a +2 short sword of electrocution (weapon)
   (You found it on level 1 of the Dungeon)
Missiles
 c - 5 javelins (quivered)
Armour
 b - a +1 kite shield (worn)
   (You found it on level 1 of the Dungeon)
 j - a +0 cloak (worn)
   (You found it on level 5 of the Dungeon)
 m - a +0 chain mail (worn)
   (You found it on level 1 of the Dungeon)
Scrolls
 i - a scroll of silence {unknown}
 o - a scroll of immolation
 r - a scroll of teleportation
 u - a scroll of enchant armour
Potions
 a - 2 potions of curing
 f - a potion of haste
 h - a potion of flight {unknown}
 l - a potion of berserk rage {unknown}
 n - a potion of might {unknown}
 q - a potion of magic {unknown}
Comestibles
 e - 5 rations
 g - 2 chunks of flesh


   Skills:
 + Level 3.8 Fighting
 + Level 2.7 Short Blades
 + Level 2.7 Long Blades
 + Level 2.7 Axes
 + Level 2.7 Maces & Flails
 + Level 2.7 Polearms
 + Level 2.7 Staves
 + Level 2.7 Slings
 + Level 2.7 Bows
 + Level 2.7 Crossbows
 + Level 5.4 Throwing
 + Level 2.7 Armour
 + Level 5.4 Dodging
 + Level 2.7 Stealth
 + Level 2.7 Shields
 + Level 2.7 Unarmed Combat
 + Level 4.0 Spellcasting
 + Level 2.2 Conjurations
 + Level 5.9 Hexes
 + Level 2.2 Charms
 + Level 2.2 Summonings
 + Level 2.2 Necromancy
 + Level 2.2 Translocations
 + Level 2.2 Transmutations
 + Level 2.2 Fire Magic
 + Level 2.2 Ice Magic
 + Level 2.2 Air Magic
 + Level 2.2 Earth Magic
 + Level 2.2 Poison Magic
 + Level 3.0 Invocations
 + Level 2.7 Evocations


You had 14 spell levels left.
You didn't know any spells.
Your spell library contained the following spells:

 Spells                   Type           Power        Failure   Level  Hunger
 Corona                   Hex            ###....      95%         1    None
 Slow                     Hex            ###.....     98%         2    ##.....
 Freeze                   Ice            ##..         100%        1    None
 Frozen Ramparts          Ice            ##....       100%        3    ###....
 Inner Flame              Hex/Fire       ###.....     100%        3    ###....
 Ozocubu's Armour         Chrm/Ice       ##......     100%        3    ###....
 Portal Projectile        Hex/Tloc       ###...       100%        3    ###....
 Cause Fear               Hex            ###.......   100%        4    ####...
 Hailstorm                Conj/Ice       ##......     100%        4    ####...
 Leda's Liquefaction      Hex/Erth       ###.......   100%        4    ####...
 Summon Ice Beast         Ice/Summ       ##......     100%        4    ####...


Dungeon Overview and Level Annotations

Branches:
Dungeon (5/15)
 Temple: D:4-7

Altars:
Dithmenos
Fedhas
Ru
Uskayaw
Yredelemnul
Zin


Innate Abilities, Weirdness & Mutations

Your experience applies equally to all skills.
You have very sharp teeth.
Your uncanny sense of smell can sniff out nearby items.


Message History

You throw a javelin.
The javelin closely misses the leopard gecko.
The javelin pierces through the troll but does no damage.
Throwing (i - inventory. (/) - cycle)
c - 7 javelins (quivered)
Aim: a troll You throw a javelin.
The javelin pierces through the troll.
You feel sick. The troll bites you! You block the troll's attack.
The troll claws you but does no damage.
You feel yourself speed up. You block the troll's attack.
The troll barely misses you. The troll claws you but does no damage.
You puncture the troll! You hit the troll but do no damage.
You bite the troll, but do no damage. The troll bites you!
You block the troll's attack. x2
You hit the troll but do no damage. You block the troll's attack. x3
You hit the troll but do no damage.
You feel sick.
You hit the troll. You bite the troll, but do no damage.
You block the troll's attack. The troll claws you but does no damage.
You block the troll's attack.
Quiver which item? (- for none, * to show all) (? for menu, Esc to quit)
Quivering
d - a throwing net for throwing.
Throwing (i - inventory. (/) - cycle)
d - a throwing net (quivered)
Aim: a troll (moderately wounded)
You throw a throwing net. The throwing net hits the troll.
The troll is caught in the net!
The troll struggles against the net.
You hit the troll. You bite the troll, but do no damage. You hit the troll.
The troll struggles against the net.
You hit the troll.
You feel sick.
You are no longer poisoned.
The troll struggles against the net.
You hit the troll. You bite the troll, but do no damage.
You hit the troll but do no damage.
The troll struggles against the net.
Your shield and chain mail prevent you from hitting the troll.
The troll struggles against the net.
You puncture the troll!
You catch the helpless troll completely off-guard!
You puncture the troll! Your bite misses the troll.
The troll struggles against the net.
The net rips apart, and the troll comes free!
You hit the troll. The troll bites you!
* * * LOW HITPOINT WARNING * * *
The troll claws you!
* * * LOW HITPOINT WARNING * * *
The troll closely misses you.
Unknown command.
Okay, then.
Throwing (i - inventory)
c - 6 javelins (quivered)
Aim: a troll (severely wounded)
You throw a javelin. The javelin barely misses the troll.
The troll bites you but does no damage. The troll claws you.
You die...

####.<.....# #.......#
#.##.##.####!......#
#.##.##..÷............
#.....#.####.....####.## ..
[.......#(.##...## ∆ .. ...
#.......#..(##.## #.##..
##......##(.Z#.# ##.....
#####...##lT#.#+ ##...#
#....###@..###....# ∆
#........8........# #+
#....###...###...## #.# #...##
+#.#+ ##..# #.# #..## #.#
##.######.# #..# ##.##
#......... ######..#∆ ##...##
∆#.####....
.......÷####.....####.#####...
#######.......................


You could see a troll, a leopard gecko and a centaur skeleton.

Vanquished Creatures
  4 big kobolds
  A scorpion (D:5)
  A howler monkey (D:4)
  An orc wizard (D:3)
  A centaur skeleton (D:4)
  2 orc priests (D:3)
  A hound (D:5)
  A worker ant (D:4)
  An iguana (D:4)
  9 adders
  2 gnolls (D:4)
  An ooze (D:1)
  An adder skeleton (D:4)
  3 worms
  A dart slug (D:1)
  4 orcs
  12 bats
  10 giant cockroaches
  5 goblins
  4 hobgoblins
  10 jackals
  49 kobolds
  2 quokkas
  3 ball pythons
  3 frilled lizards
  A jackal skeleton (D:4)
  15 rats
148 creatures vanquished.

Notes
Turn   | Place    | Note
-------+----------+-------------------------------------------
     0 | D:1      | vurker the Gnoll Arcane Marksman began the quest for the
                  | Orb.
     0 | D:1      | Reached XP level 1. HP: 17/17 MP: 4/4
     1 | D:1      | Found a runed translucent door.
   154 | D:1      | Reached XP level 2. HP: 18/23 MP: 5/5
   868 | D:1      | Reached XP level 3. HP: 23/28 MP: 7/7
   964 | D:1      | Reached skill level 1 in Invocations
  1081 | D:2      | Reached skill level 1 in Short Blades
  1081 | D:2      | Reached skill level 1 in Long Blades
  1081 | D:2      | Reached skill level 1 in Axes
  1081 | D:2      | Reached skill level 1 in Maces & Flails
  1081 | D:2      | Reached skill level 1 in Polearms
  1081 | D:2      | Reached skill level 1 in Staves
  1081 | D:2      | Reached skill level 1 in Slings
  1081 | D:2      | Reached skill level 1 in Bows
  1081 | D:2      | Reached skill level 1 in Crossbows
  1081 | D:2      | Reached skill level 1 in Armour
  1081 | D:2      | Reached skill level 1 in Stealth
  1081 | D:2      | Reached skill level 1 in Shields
  1081 | D:2      | Reached skill level 1 in Unarmed Combat
  1081 | D:2      | Reached skill level 1 in Evocations
  1370 | D:2      | Reached XP level 4. HP: 34/34 MP: 8/8
  2181 | D:3      | Noticed a big kobold
  2197 | D:3      | Killed a big kobold
  2197 | D:3      | Reached skill level 1 in Conjurations
  2197 | D:3      | Reached skill level 1 in Charms
  2197 | D:3      | Reached skill level 1 in Summonings
  2197 | D:3      | Reached skill level 1 in Necromancy
  2197 | D:3      | Reached skill level 1 in Translocations
  2197 | D:3      | Reached skill level 1 in Transmutations
  2197 | D:3      | Reached skill level 1 in Fire Magic
  2197 | D:3      | Reached skill level 1 in Ice Magic
  2197 | D:3      | Reached skill level 1 in Air Magic
  2197 | D:3      | Reached skill level 1 in Earth Magic
  2197 | D:3      | Reached skill level 1 in Poison Magic
  2197 | D:3      | Reached XP level 5. HP: 31/40 MP: 9/9
  2485 | D:3      | You fall into a shaft and drop 1 floor!
  2512 | D:4      | Reached XP level 6. HP: 44/47 MP: 10/10
  2677 | D:4      | Found a sacrificial altar of Ru.
  2886 | D:3      | Found a shadowy altar of Dithmenos.
  3440 | D:3      | Reached skill level 5 in Throwing
  3440 | D:3      | Reached skill level 5 in Dodging
  3651 | D:3      | Found a glowing silver altar of Zin.
  3651 | D:3      | Found a basalt altar of Yredelemnul.
  3652 | D:3      | Found a hide-covered altar of Uskayaw.
  3652 | D:3      | Found a blossoming altar of Fedhas.
  4279 | D:4      | Reached XP level 7. HP: 38/52 MP: 12/12
  5054 | D:5      | Entered Level 5 of the Dungeon
  5311 | D:5      | Noticed a troll
  5333 | D:5      | Slain by a troll

Illustrated notes

Levels and vault maps discovered:
D:1:      dpeg_arrival_caged_fury, layout_basic
D:2:      layout_basic
D:3:      layout_loops_corners, nicolae_dithmenos_shadow_blocks,
          grunt_temple_overflow_cloverleaf, corexii_leaking_fountain
D:4:      minmay_goblin_kobold_castle, layout_cave_pods, kennysheep_mini,
          first_ration
D:5:      cheibrodos_barr_body, layout_loops_corners,
          minmay_temple_entry_sparse_star, uniq_duvessa

Skill      XL: |  1  2  3  4  5  6  7 |
---------------+----------------------+-----
Invocations    | 1 2 3 |  3.0
Short Blades   | 1 2 |  2.7
Long Blades    | 1 2 |  2.7
Axes           | 1 2 |  2.7
Maces & Flails | 1 2 |  2.7
Polearms       | 1 2 |  2.7
Staves         | 1 2 |  2.7
Slings         | 1 2 |  2.7
Bows           | 1 2 |  2.7
Crossbows      | 1 2 |  2.7
Armour         | 1 2 |  2.7
Stealth        | 1 2 |  2.7
Shields        | 1 2 |  2.7
Unarmed Combat | 1 2 |  2.7
Evocations     | 1 2 |  2.7
Spellcasting   | 3 4 |  4.0
Conjurations   | 1 2 |  2.2
Charms         | 1 2 |  2.2
Summonings     | 1 2 |  2.2
Necromancy     | 1 2 |  2.2
Translocations | 1 2 |  2.2
Transmutations | 1 2 |  2.2
Fire Magic     | 1 2 |  2.2
Ice Magic      | 1 2 |  2.2
Air Magic      | 1 2 |  2.2
Earth Magic    | 1 2 |  2.2
Poison Magic   | 1 2 |  2.2
Fighting       | 3 |  3.8
Throwing       | 5 |  5.4
Dodging        | 5 |  5.4
Hexes          | |  5.9

Action                   |  1- 3 |  4- 6 |  7- 9 || total
-------------------------+-------+-------+-------++-------
Melee: Unarmed           |    14 |       |       ||    14
       Bite              |    11 |    21 |    19 ||    51
       Short sword       |    90 |   196 |   188 ||   474
Throw: Javelin           |     3 |     8 |     4 ||    15
       Throwing net      |       |     2 |     1 ||     3
  Use: Scroll            |       |     7 |     2 ||     9
       Potion            |       |       |     1 ||     1
 Stab: Sleeping          |     1 |       |       ||     1
       Held in net/web   |       |     1 |     1 ||     2
  Eat: Chunk             |     1 |    10 |       ||    11
       Ration            |       |       |     1 ||     1
Armor: Robe              |    10 |       |       ||    10
       Chain mail        |    54 |    87 |    96 ||   237
       Leather armour    |     1 |       |       ||     1
Dodge: Dodged            |    50 |    40 |    47 ||   137
Block: Kite shield       |    35 |    87 |   116 ||   238
